 Dungeon Crawl Stone Soup version 0.30-a0-360-g447f08457e (webtiles) character file.

Game seed: 12210585663128856474

1271 Manisian the Insei (level 8, 0/50 HPs)
             Began as an Octopode Transmuter on Nov 14, 2022.
             Was a Follower of Wu Jian.
             Slain by an acid dragon (5 damage)
             ... on level 6 of the Dungeon.
             The game lasted 00:10:39 (5893 turns).

Manisian the Insei (Octopode Transmuter)            Turns: 5893, Time: 00:10:40

Health: 0/50       AC:  2    Str:  9    XL:     8   Next: 53%
Magic:  11/14      EV: 21    Int: 18    God:    Wu Jian [*.....]
Gold:   252        SH:  0    Dex: 17    Spells: 9/15 levels left

rFire   . . .      SeeInvis .      - Unarmed
rCold   . . .      Faith    .    (shield currently unavailable)
rNeg    . . .      Spirit   .    (helmet currently unavailable)
rPois   x          Reflect  .    (no amulet)
rElec   .          Harm     .    n - +4 ring of protection
rCorr   .          Rampage  .    (no ring)
Will    .....                    (no ring)
Stlth   +++.......               (no ring)
HPRegen 0.28/turn                (no ring)
MPRegen 0.14/turn                (no ring)
                                 (no ring)
                                 (no ring)

@: spider-form, corroded
A: venomous fangs, almost no armour, (amphibious), 8 rings, tiny, (camouflage
1), (gelatinous body 1), (nimble swimmer 1), (tentacles)
a: End Transformation, Renounce Religion


You were on level 6 of the Dungeon.
You worshipped Wu Jian.
Wu Jian was aware of your devotion.
You were a venomous arachnid creature.
You visited 2 branches of the dungeon, and saw 7 of its levels.

You collected 252 gold pieces.

Inventory:

Missiles
 r - 32 poisoned darts
 s - a throwing net
Jewellery
 n - a +4 ring of protection (left front leg)
Wands
 l - a wand of flame (21)
 v - a wand of mindburst (11)
Scrolls
 e - 2 scrolls of immolation
 g - 3 scrolls of poison
 o - a scroll of fear
 t - a scroll of enchant weapon
Potions
 a - 2 potions of lignification
 b - 2 potions of ambrosia
 c - 4 potions of curing
 d - 2 potions of haste
 f - 2 potions of brilliance
 h - 2 potions of heal wounds {unknown}
 i - a potion of berserk rage {unknown}
 j - 2 potions of cancellation {unknown}
 k - a potion of invisibility {unknown}
 m - 2 potions of attraction
 p - 2 potions of resistance
 q - a potion of might {unknown}
 u - a potion of flight {unknown}


   Skills:
 + Level 1.9 Fighting
 + Level 3.8 Dodging
 + Level 4.0 Stealth
 + Level 6.3 Unarmed Combat
 + Level 4.4 Spellcasting
 + Level 4.5 Transmutations
 - Level 3.0 Poison Magic


You had 9 spell levels left.
You knew the following spells:

 Your Spells              Type           Power      Damage    Failure   Level
a - Beastly Appendage     Tmut           40%        N/A       9%          1
b - Wereblood             Tmut           20%        N/A       11%         2
c - Spider Form           Tmut/Pois      17%        N/A       22%         3

Your spell library contained the following spells:

 Spells                   Type           Power      Damage    Failure   Level
 Ignite Poison            Fire/Tmut/Pois 13%        N/A       34%         3
 Hailstorm                Conj/Ice       4%         3d4       61%         3
 Kindle Blastsparks       Fire/Tloc/Air  8%         2d10      61%         3
 Portal Projectile        Hex/Tloc       8%         N/A       61%         3
 Tukima's Dance           Hex            4%         N/A       61%         3
 Ice Form                 Ice/Tmut       12%        N/A       71%         4
 Blade Hands              Tmut           10%        N/A       73%         5
 Freezing Cloud           Conj/Ice/Air   2%         6-21      99%         5
 Simulacrum               Ice/Necr       2%         N/A       100%        6


Dungeon Overview and Level Annotations

Branches:
Dungeon (6/15)             Temple (1/1) D:4

Altars:
Ashenzari
Cheibriados
Dithmenos
Fedhas
Gozag
Hepliaklqana
Kikubaaqudgha
Makhleb
Nemelex Xobeh
Okawaru
Qazlal
Ru
Sif Muna
Trog
Uskayaw
Vehumet
Wu Jian
Xom
Yredelemnul
The Shining One

Shops:
D:3 :   D:5 =

Annotations:
D:2 Sigmund


Innate Abilities, Weirdness & Mutations

You are a venomous arachnid creature.
You have poisonous fangs.
You are tiny and dextrous.
Your spellcasting is less reliable in this form.
Your armour is entirely melded.
You are incapable of wielding weapons or throwing items.
You cannot wear most types of armour.
((You are amphibious.))
You can wear up to eight rings at the same time.
((Your skin changes colour to match your surroundings (Stealth+).))
((Your rubbery body absorbs attacks. (AC +1, EV +1)))
((You are camouflaged when in or above water. (Stealth+)))
((You have tentacles for arms and can constrict up to eight enemies at once.))


Message History

The Council accepts your kill.
Your Stealth skill increases to level 4!
You extend your transformation's duration.
Your transformation is almost over.
Your tentacle spike disappears.
An adder is nearby!
One of your tentacles grows a vicious spike.
An acid dragon comes into view.
Found 10 gold pieces.
The helpless adder fails to defend itself.
You tentacle-slap the adder. You grab the adder.
Your tentacle spike misses the adder.
The adder is moderately wounded.
You constrict the adder. The adder misses you.
You tentacle-slap the adder but do no damage.
The adder is moderately wounded.
You constrict the adder. The adder completely misses you.
You tentacle-slap the adder.
Your tentacle spike misses the adder.
You squeeze the adder.
You kill the adder!
The Council accepts your kill.
No target in view!
Found a runed war axe.
Found an encrusted lead wand.
Your transformation is almost over.
v - a wand of mindburst (11)
Your tentacle spike disappears.
The acid dragon roars!
Casting: Beastly Appendage (safe; 2% risk of failure)
Confirm with . or Enter, or press ? or * to list all spells.
You turn into a venomous arachnid creature.
The acid dragon spits acid at you. The splash of acid hits you!!
Ouch! That really hurt!
The acid corrodes you!
You hit the acid dragon but do no damage.
The acid dragon bites you!
* * * LOW HITPOINT WARNING * * *
The acid dragon claws you.
You die...

#.## ##..#
#..########..#
##
#............#
###.
#).........†.#
#...
##.#####....##
#... ###
###...## #...
#....########
##[.
##...........#
##.
#.s...###....##
#. #.D####
###...# ##
#...# ##..# #
....## #..#
...$. #..#
###### #..#
#..# # #..## ##
#...###.


You could see an acid dragon (catching breath).

Vanquished Creatures
  An ice beast (D:6)
  2 black bears (D:4)
  2 phantoms
  2 kobold brigands (D:4)
  A scorpion (D:4)
  A howler monkey (D:5)
  2 jellies
  Crazy Yiuf (D:4)
  2 hounds (D:5)
  4 orc priests
  2 iguanas
  2 orc wizards (D:5)
  Natasha (twice) (D:2)
  Robin (D:3)
  7 adders
  4 gnolls
  2 worms (D:4)
  2 dart slugs (D:4)
  9 orcs
  5 endoplasms
  6 giant cockroaches
  15 goblins
  5 hobgoblins
  5 jackals
  6 kobolds
  4 quokkas
  7 ball pythons
  4 bats
  9 frilled lizards
  4 rats
119 creatures vanquished.

Notes
Turn   | Place    | Note
-------+----------+-------------------------------------------
     0 | D:1      | Manisian the Octopode Transmuter began the quest for the
                  | Orb.
     0 | D:1      | Reached XP level 1. HP: 13/13 MP: 3/3
   146 | D:1      | Reached XP level 2. HP: 12/18 MP: 3/5
   149 | D:1      | Learned a level 2 spell: Wereblood
   783 | D:1      | Reached XP level 3. HP: 22/23 MP: 4/6
   967 | D:2      | Reached skill level 1 in Stealth
  1037 | D:2      | Noticed Natasha
  1042 | D:2      | Killed Natasha
  1055 | D:2      | Reached XP level 4. HP: 19/28 MP: 5/7
  1133 | D:2      | Reached skill level 4 in Unarmed Combat
  1338 | D:2      | Noticed Natasha
  1354 | D:2      | Killed Natasha
  1490 | D:2      | Noticed Sigmund
  1645 | D:3      | Found a sacrificial altar of Ru.
  1652 | D:3      | Found a sparkling altar of Nemelex Xobeh.
  1671 | D:3      | Identified the +5 ring mail of Cipruc {*Corrode +Inv Int+4
                  | Dex+3}
  1748 | D:3      | Noticed Robin
  1768 | D:3      | Killed Robin
  1769 | D:3      | Reached XP level 5. HP: 12/33 MP: 6/8
  1861 | D:3      | Found a broken altar of Ashenzari.
  1909 | D:3      | Found a shimmering blue altar of Sif Muna.
  1995 | D:3      | Found Xues's Book Shoppe.
  2588 | D:4      | Noticed a black bear
  2594 | D:4      | Learned a level 3 spell: Spider Form
  2766 | D:4      | Noticed a kobold brigand
  2779 | D:4      | Killed a kobold brigand
  2780 | D:4      | Reached skill level 1 in Poison Magic
  2864 | D:4      | Found a staircase to the Ecumenical Temple.
  2912 | D:4      | Found a runed translucent door.
  2913 | D:4      | Noticed Crazy Yiuf
  2943 | D:4      | Reached XP level 6. HP: 23/38 MP: 8/10
  2963 | Temple   | Entered the Ecumenical Temple
  3254 | Temple   | Became a worshipper of the Wu Jian Council
  3752 | D:4      | Noticed a black bear
  3771 | D:4      | Killed a black bear
  3776 | D:4      | Reached skill level 5 in Unarmed Combat
  3776 | D:4      | Reached XP level 7. HP: 16/43 MP: 6/12
  4199 | D:4      | Killed Crazy Yiuf
  4276 | D:5      | Entered Level 5 of the Dungeon
  4547 | D:5      | Reached XP level 8. HP: 30/48 MP: 8/13
  4584 | D:5      | Reached skill level 6 in Unarmed Combat
  4913 | D:5      | Found a shimmering altar of Xom.
  4976 | D:5      | Found an iron altar of Okawaru.
  5283 | D:5      | Reached * piety under Wu Jian
  5431 | D:5      | Found Vuxeh's Jewellery Shop.
  5893 | D:6      | Slain by an acid dragon

Illustrated notes

Levels and vault maps discovered:
D:1:      saegor_arrival_simple_b, layout_basic
D:2:      layout_basic, minmay_surrounded, uniq_natasha, uniq_sigmund
D:3:      layout_loops_cross, nicolae_sif_muna_condensation,
          ashenzari_conservatory_becter, mainiacjoe_overflow_large_starburst,
          serial_shops, shop, uniq_robin
D:4:      kennysheep_big_flooded_room, layout_loops_ring,
          minmay_temple_entry_gardened_gates, minmay_divided_ellipse,
          uniq_crazy_yiuf_cottage
D:5:      layout_basic, mainiacjoe_overflow_boulevard,
          mainiacjoe_overflow_alcove_2, serial_shops, kennysheep_mini_moat,
          grunt_ministairs_3
D:6:      layout_layer_cave
Temple:   dpeg_chambers_temple

Skill      XL: |  1  2  3  4  5  6  7  8 |
---------------+-------------------------+-----
Stealth        | 1 2 3 4 |  4.0
Unarmed Combat | 4 5 6 |  6.3
Transmutations | 3 4 |  4.5
Poison Magic   | 1 2 3 |  3.0
Spellcasting   | 3 4 |  4.4
Dodging        | 3 |  3.8
Fighting       | |  1.9

Action                   |  1- 3 |  4- 6 |  7- 9 || total
-------------------------+-------+-------+-------++-------
Melee: Unarmed           |    59 |   118 |   134 ||   311
       Constrict         |    15 |    25 |    16 ||    56
       Kick              |    17 |    26 |    29 ||    72
       Tentacles         |    11 |    16 |    21 ||    48
       Punch             |       |     3 |     2 ||     5
 Cast: Beastly Appendage |    21 |    20 |    17 ||    58
       Wereblood         |       |     5 |     4 ||     9
       Spider Form       |       |     2 |     6 ||     8
Invok: Lunge             |       |     1 |    10 ||    11
  Use: Scroll            |     6 |     5 |     6 ||    17
       Potion            |     1 |       |     1 ||     2
 Stab: Sleeping          |     5 |     6 |     6 ||    17
Armor: Skin              |     6 |    17 |    33 ||    56
Dodge: Dodged            |    34 |    82 |    75 ||   191

Table legend: (Time is in decaauts)
 A = Elapsed time spent in this place.
 B = Non-inter-level travel time spent in this place.
 C = Inter-level travel time spent in this place.
 D = Time resting spent in this place.
 E = Time spent auto-exploring this place.
 F = Levels seen in this place.
 G = Mean time per level.
                   A        B        C        D        E       F      G
               +--------+--------+--------+--------+--------+-----+--------+
         Total |   5866 |   5603 |    263 |     45 |   4660 |   7 |  838.0 |
       Dungeon |   5547 |   5361 |    186 |     45 |   4432 |   6 |  924.5 |
        Temple |    318 |    241 |     77 |      0 |    228 |   1 |  318.0 |
               +--------+--------+--------+--------+--------+-----+--------+

Top non-repeatable levels by time:
     D:4: 1423 daAuts
     D:5: 1267 daAuts
     D:3: 908 daAuts
     D:1: 888 daAuts
     D:2: 720 daAuts
     D:6: 339 daAuts
  Temple: 318 daAuts
